Map: Crête de Lerilak

Players

zidar - Winner!

  • Race: Zerg Zerg
  • League: Silver
  • Spawn Location: 1:00

AxeL

  • Race: Terran Terran
  • League: Gold
  • Spawn Location: 5:00

VOD

Have the link to the VOD?

Description

Time

  • Played on: Nov. 27, 2015, 9:09 a.m.
  • Length: 19:06
Show
View Real Time Build Order
Export as new Build Order

zidar Zerg - Winner!

Build Orders: Hatch First, Muta Ling Bane 

Get SALT Encoding   

  12  0:02  Drone  
  13  0:12  Overlord  
  13  0:20  Drone  
  14  0:30  Drone x2  
  14  0:35  Drone  
  17  0:58  Hatchery  
  17  1:00  Drone  
  17  1:15  Spawning Pool  
  17  1:17  Drone  
  17  1:21  Extractor  
  17  1:32  Drone  
  17  1:43  Drone x2  
  17  1:45  Overlord  
  19  2:00  Drone  
  20  2:09  Queen  
  20  2:10  Drone  
  20  2:15  Queen  
  25  2:17  Drone  
  25  2:19  Drone  
  27  2:23  Metabolic Boost  
  27  2:43  Zergling x8  
  27  2:44  Zergling x2  
  32  3:02  Spine Crawler  
  29  3:42  Drone  
  30  4:18  Baneling Nest  
  29  4:25  Drone x2  
  29  4:26  Drone x5  
  29  4:29  Overlord x4  
  35  4:41  Lair  
  35  4:44  Pneumatized Carapace  
  35  4:53  Drone  
  35  4:54  Drone x11  
  47  5:01  Extractor  
  47  5:03  Extractor  
  45  5:10  Extractor  
  44  5:23  Drone x3  
  47  5:36  Drone x2  
  47  5:37  Drone  
  47  5:38  Drone  
  47  5:39  Centrifical Hooks  
  51  5:46  Overseer, Spire  
  50  5:58  Evolution Chamber  
  50  6:02  Evolution Chamber  
  48  6:11  Hatchery  
  47  6:21  Zergling x2  
  47  6:22  Zergling x20  
  58  6:33  Zerg Melee Weapons Level 1  
  58  6:54  Queen  
  58  6:59  Baneling  
  58  7:00  Baneling x3  
  60  7:03  Baneling x3  
  60  7:07  Overlord  
  60  7:08  Overlord x4  
  60  7:23  Drone x3  
  60  7:26  Mutalisk x7  
  77  7:43  Zerg Ground Armor Level 1  
  77  7:49  Zerg Flyer Weapons Level 1  
  77  7:59  Zergling x2  
  77  8:00  Zergling x18  
  87  8:09  Drone  
  87  8:10  Drone x4  
  87  8:11  Hatchery  
  91  8:23  Drone x4  
  91  8:24  Drone x6  
  91  8:26  Overlord  
  101  8:31  Overseer  
  101  8:39  Zerg Melee Weapons Level 2  
  101  8:52  Extractor  
  101  8:54  Extractor  
  99  9:02  Zergling x4  
  101  9:03  Zergling x24  
  101  9:05  Baneling x2  
  101  9:06  Baneling x11  
  113  9:14  Overlord x3  
  113  9:40  Corruptor x2  
  113  9:41  Corruptor x4  
  113  9:42  Corruptor x2  
  129  9:57  Zerg Ground Armor Level 2  
  129  10:12  Drone x11  
  129  10:13  Drone x2  
  142  10:19  Corruptor  
  144  10:23  Overlord x2  
  144  10:40  Infestation Pit  
  110  11:29  Drone x13  
  123  11:44  Corruptor x3  
  123  11:45  Corruptor  
  131  11:54  Zerg Flyer Weapons Level 2  
  131  12:19  Zergling x2  
  131  12:20  Zergling x16  
  140  12:23  Hive  
  140  12:41  Zergling x10  
  145  13:02  Hatchery  
  144  13:30  Corruptor  
  144  13:31  Corruptor x4  
  144  13:32  Corruptor x3  
  160  13:41  Overlord x4  
  160  13:42  Overlord x2  
  160  13:47  Zerg Ground Armor Level 3  
  160  13:48  Zerg Melee Weapons Level 3  
  160  13:51  Adrenal Glands  
  160  14:08  Ultralisk Cavern  
  159  14:35  Baneling x5  
  159  14:37  Baneling x2  
  159  14:38  Baneling  
  159  14:58  Mutalisk  
  159  14:59  Mutalisk x15  
  190  15:28  Hatchery  
  189  15:54  Chitinous Plating  
  189  16:02  Extractor  
  188  16:08  Extractor  
  91  17:04  Zergling x14  
  91  17:05  Zergling x16  
  104  17:18  Ultralisk  
  104  17:19  Ultralisk x3  
  128  17:28  Greater Spire  
  122  17:46  Ultralisk x2  
  122  17:47  Ultralisk x4  
Show
View Real Time Build Order
Export as new Build Order

AxeL Terran 

Build Orders:  

Get SALT Encoding   

  12  0:10  Supply Depot  
  12  0:23  Refinery  
  12  0:29  SCV  
  13  0:44  Barracks  
  13  0:58  Barracks  
  13  1:14  Supply Depot  
  13  1:25  SCV  
  14  1:31  Reaper  
  15  1:38  SCV  
  16  1:45  Reaper  
  17  1:59  SCV  
  18  2:03  Reaper  
  19  2:11  SCV  
  20  2:23  SCV  
  20  2:28  Refinery  
  21  2:35  SCV  
  22  2:47  SCV  
  22  2:48  Barracks Reactor  
  22  2:51  Barracks Tech Lab  
  23  2:54  Factory  
  23  2:59  SCV  
  22  4:06  Marine x2  
  22  4:07  Marine  
  22  4:09  Factory Tech Lab  
  24  4:11  Starport  
  24  4:12  SCV  
  25  4:25  Marine  
  25  4:31  Stimpack  
  26  4:44  Barracks  
  26  4:46  Marine x2, Barracks  
  26  4:49  Starport Reactor  
  28  4:56  Bunker  
  28  4:58  SCV  
  29  5:04  Marine x2  
  31  5:17  Supply Depot  
  31  5:39  SCV, Siege Tank, Barracks Tech Lab  
  31  5:41  Barracks Reactor  
  35  5:51  Supply Depot, SCV  
  35  5:55  Liberator  
  35  5:57  Command Center  
  36  6:00  Liberator  
  36  6:03  SCV  
  43  6:25  Orbital Command  
  43  6:34  Supply Depot  
  43  6:35  Marine x2  
  43  6:36  Marine x2  
  47  6:46  Supply Depot  
  47  6:55  Siege Tank  
  50  7:03  Liberator  
  50  7:10  SCV  
  51  7:22  SCV  
  55  7:23  Marine x3  
  55  7:24  Marine  
  59  7:34  SCV  
  60  7:37  Liberator  
  60  7:42  Engineering Bay  
  60  7:43  Refinery  
  60  7:45  Marine x3  
  60  7:46  SCV  
  67  7:58  SCV  
  68  8:10  SCV  
  69  8:15  Liberator  
  69  8:17  Missile Turret  
  69  8:22  SCV  
  73  8:34  SCV  
  73  8:38  Missile Turret, Liberator  
  74  8:47  SCV  
  75  8:59  Missile Turret  
  75  9:00  Orbital Command  
  78  9:12  Supply Depot, Terran Infantry Weapons Level 1  
  79  9:17  Liberator  
  78  9:34  Marine x4, SCV  
  86  9:52  Supply Depot x2  
  86  10:14  SCV, Medivac  
  89  10:17  Medivac  
  91  10:26  SCV  
  91  10:27  Marine x3  
  91  10:28  Marine x3  
  98  10:38  SCV  
  99  10:43  Medivac  
  99  10:45  Marine  
  102  11:02  Marine, SCV  
  86  11:21  Marine x2  
  86  11:22  Marine x4  
  86  11:25  Siege Tank  
  92  11:29  Medivac x2  
  96  11:35  SCV  
  96  11:39  Marine x3  
  99  11:40  Marine x2  
  102  11:50  Supply Depot x2  
  102  11:53  Starport  
  102  11:58  Supply Depot  
  102  12:12  SCV, Siege Tank, Medivac  
  108  12:20  Marine  
  108  12:21  Marine x5  
  114  12:24  SCV  
  115  12:32  Sensor Tower  
  115  12:36  SCV  
  116  12:38  Marine  
  116  12:39  Marauder x2  
  124  12:44  Siege Tank  
  124  12:46  Factory  
  124  12:48  Armory  
  124  13:01  Marauder  
  124  13:03  Sensor Tower  
  126  13:06  Refinery  
  126  13:07  Supply Depot  
  126  13:10  Supply Depot  
  126  13:29  SCV  
  126  13:30  Factory Tech Lab  
  127  13:39  Thor  
  133  13:45  Supply Depot  
  133  13:46  Terran Infantry Armor Level 1  
  133  13:48  Supply Depot  
  134  13:55  SCV  
  134  14:07  SCV  
  135  14:10  Thor  
  135  14:15  Terran Vehicle Weapons Level 1  
  141  14:21  Thor  
  147  14:48  Supply Depot  
  147  14:51  Supply Depot  
  147  14:53  Thor  
  153  15:40  Marine  
  153  15:41  Marine x5  
  159  15:45  Thor  
  165  15:58  Marine x2  
  88  17:04  Marine x3  
  88  17:05  Marine x3  
  94  17:22  Marine x4  
  94  17:23  Marine x2  
  92  17:40  Marine x5, Medivac x2  
  92  17:41  Marine  
  102  17:58  Marine x6  
  103  18:10  Medivac x2  
Tags
 
Add a new tag
Caveats
  • Supply blocks, unpowered buildings, or Contaminate may cause inaccurate times.
  • Supply counts are checked every 10 seconds.